Hurricanes vs Rangers

Created - October-21-14 at 17:10

Goals
1 2 3 T
Hurricanes 1 2 1 4
Rangers 1 1 0 2
Shots
1 2 3 T
Hurricanes 7 6 7 20
Rangers 8 18 11 37

1st period

1. Hurricanes , Blake Wheeler 6 (Eric Staal, Dustin Byfuglien) at 12:00
2. Rangers , Craig Smith 3 (David Legwand, Chris Tanev) at 16:47

Penalties :
Dustin Byfuglien (CAR) for Hooking (Minor) at 13:53

2nd period

3. Rangers , Karl Alzner 2 (Tomas Tatar, Kris Russell) at 4:20 (PP)
4. Hurricanes , Brian Boyle 1 (Marc Staal, Raphael Diaz) at 11:54 (PP)
5. Hurricanes , Patrick Maroon 3 (Ben Lovejoy) at 13:20

Penalties :
Ryan Garbutt (CAR) for Unsportsmanlike conduct (Major / Game Misconduct) at 0:31, Rich Clune (CAR) for Interference (Minor) at 6:35, Karl Alzner (NYR) for Roughing (Minor) at 10:50, Valeri Nichushkin (CAR) for Hooking (Minor) at 19:23

3rd period

6. Hurricanes , Brad Richardson 2 (Brian Boyle, Raphael Diaz) at 10:06 (PP)

Penalties :
Karl Alzner (NYR) for Hooking (Minor) at 9:10, Cody McCormick (CAR) for Tripping (Minor) at 17:45

Goalie Stats

Mike Smith (CAR), 35 saves from 37 shots - (0.946), W, 5-0-1, 60:00 minutes
Brian Elliott (NYR), 16 saves from 20 shots - (0.800), L, 2-1-0, 60:00 minutes

Players Stats for Hurricanes

Player Name              G  A  P  +/- PIM S  H  SB GA TA FO     MP     PP MP  PK MP  
------------------------------------------------------------------------------------
Ben Lovejoy              0  1  1   1  0   0  0  4  0  0  0/0    21:36   0:00   6:14 
Blake Wheeler            1  0  1   0  0   4  1  0  0  0  4/14   18:59   0:50   6:26 
Brad Richardson          1  0  1   1  0   2  0  0  0  0  4/10   11:30   0:32   0:00 
Brandon McMillan         0  0  0   0  0   1  0  0  0  0  0/0     9:31   0:38   0:00 
Brian Boyle              1  1  2   0  0   1  0  0  0  0  12/23  15:54   0:32   6:29 
Brian Dumoulin           0  0  0   1  0   0  0  0  0  0  0/0    17:23   0:00   1:14 
Cal Clutterbuck          0  0  0   1  0   0  2  0  0  0  1/1    17:10   0:00   6:12 
Cody McCormick           0  0  0   0  2   0  3  0  0  0  2/2    17:36   1:28   0:00 
Derek Roy                0  0  0   0  0   1  0  0  0  0  9/15   21:32   0:00   6:29 
Dustin Byfuglien         0  1  1   0  2   1  6  1  0  0  0/0    26:18   1:28   5:43 
Eric Staal               0  1  1   0  0   4  0  0  0  0  5/12   14:01   1:28   0:14 
Kevin Czuczman           0  0  0   0  0   0  0  3  0  0  0/0    17:47   1:28   5:44 
Marc Staal               0  1  1   1  0   2  0  2  0  0  0/0    22:35   0:32   6:41 
Patrick Maroon           1  0  1   1  0   1  4  0  0  0  1/1    10:58   0:00   0:00 
Raphael Diaz             0  2  2  -1  0   0  1  0  0  0  0/0    14:20   0:32   0:14 
Rich Clune               0  0  0   0  2   2  3  0  0  0  0/0     8:52   0:00   0:00 
Ryan Garbutt             0  0  0   0  15  0  1  0  0  0  0/0     5:24   0:00   0:00 
Valeri Nichushkin        0  0  0   0  2   1  1  0  0  0  2/2    15:34   0:32   0:00 

Players Stats for Rangers

Player Name              G  A  P  +/- PIM S  H  SB GA TA FO     MP     PP MP  PK MP  
------------------------------------------------------------------------------------
Alex Goligoski           0  0  0  -1  0   1  0  0  0  0  0/0    25:54   7:14   0:50 
Benoit Pouliot           0  0  0   0  0   1  0  0  0  0  0/0     7:17   0:00   0:00 
Bryan Allen              0  0  0   0  0   0  2  0  0  0  0/0    12:24   0:00   0:00 
Chris Tanev              0  1  1  -1  0   1  0  3  0  0  0/0    19:26   0:00   1:36 
Craig Adams              0  0  0   0  0   0  2  0  0  0  1/9     6:42   0:00   0:00 
Craig Smith              1  0  1   0  0   6  1  1  0  0  1/1    17:50   5:13   0:00 
David Legwand            0  1  1   0  0   1  2  0  0  0  12/14  12:37   0:00   0:00 
Derek Morris             0  0  0   0  0   3  0  0  0  0  0/0    19:38   7:14   0:00 
Devin Setoguchi          0  0  0   0  0   0  0  0  0  0  0/0     6:42   0:00   0:00 
Frans Nielsen            0  0  0  -1  0   4  0  0  0  0  14/28  23:31   7:42   0:00 
Jaromir Jagr             0  0  0  -1  0   4  1  0  0  0  1/3    23:31   7:42   0:00 
Karl Alzner              1  0  1   0  4   2  0  2  0  0  0/0    19:55   5:41   0:00 
Kris Russell             0  1  1   0  0   2  0  3  0  0  0/0    22:06   5:41   1:34 
Mark Letestu             0  0  0   0  0   1  0  0  0  0  1/1     9:57   0:00   0:00 
Mikael Backlund          0  0  0   0  0   5  1  0  0  0  5/12   19:50   5:13   2:00 
Sean Couturier           0  0  0   0  0   4  0  0  0  0  5/9    11:57   0:00   2:00 
Tomas Tatar              0  1  1   0  0   0  3  0  0  0  0/2    17:39   7:42   0:00 
Tyler Ennis              0  0  0  -1  0   2  4  0  0  0  0/1    21:02   5:13   0:00 

3 Stars

1 - Patrick Maroon (CAR)
2 - Brian Boyle (CAR)
3 - Mike Smith (CAR)

Power Play

Hurricanes - 2 on 2 Attempt(s) - 100.00%
Rangers - 1 on 6 Attempt(s) - 16.67%

Penalty Kill

Hurricanes - 5 on 6 Attempt(s) - 83.33% - Score 0 goal in Penalty Kill
Rangers - 0 on 2 Attempt(s) - 0.00% - Score 0 goal in Penalty Kill

Official

Referees : Trevor Hanson and Gord Dwyer
Linesman : Brian Mach and Michel Cormier

Game Notes

Ryan Garbutt ejected from game at 0:31 of 2nd period
Ryan Garbutt from Hurricanes is suspended for 2 game(s)

Finance

Level 1 -- Attendance: 4355 (67.00%) -- Ticket Income $544,375
Level 2 -- Attendance: 4946 (98.92%) -- Ticket Income $370,950
Level 3 -- Attendance: 3227 (92.20%) -- Ticket Income $161,350
Level 4 -- Attendance: 2200 (100.00%) -- Ticket Income $55,000
Luxury Box -- Attendance: 719 (71.90%) -- Ticket Income $179,750
Game was played at the Madison Square Garden
Total Attendance: 15447 (84.87%)
Total Ticket Income: $1,311,425
Other Income: $196,714
Total Income: $1,508,139

% Time on Ice - Hurricanes

Lines # - Real PCT - Wanted PCT - Time Play
Normal Forward
1 - 23% - 40% - 10:11
2 - 33% - 33% - 15:03
3 - 24% - 17% - 10:58
4 - 20% - 10% - 8:53
Normal Defense
1 - 34% - 35% - 15:22
2 - 36% - 35% - 16:09
3 - 23% - 20% - 10:35
4 - 7% - 10% - 2:59
PP Forward
1 - 73% - 57% - 1:28
2 - 27% - 43% - 0:32
PP Defense
1 - 27% - 50% - 0:32
2 - 73% - 50% - 1:28
PK Forward
1 - 50% - 50% - 6:29
2 - 50% - 50% - 6:26
PK Defense
1 - 46% - 50% - 6:00
2 - 54% - 50% - 6:55
PK3 Forward
1 - 0% - 60%
2 - 0% - 40%
PK3 Defense
1 - 0% - 60%
2 - 0% - 40%
44 Forward
1 - 0% - 50%
2 - 0% - 50%
44 Defense
1 - 0% - 50%
2 - 0% - 50%
Last Minute Offensive  - 0:00
Last Minute Defensive  - 0:00
Total
Forward - 60:00
Defense - 60:00

% Time on Ice - Rangers

Lines # - Real PCT - Wanted PCT - Time Play
Normal Forward
1 - 35% - 40% - 15:49
2 - 28% - 30% - 12:37
3 - 22% - 20% - 9:57
4 - 15% - 10% - 6:42
Normal Defense
1 - 38% - 40% - 17:16
2 - 33% - 30% - 14:51
3 - 28% - 20% - 12:24
4 - 1% - 10% - 0:34
PP Forward
1 - 60% - 60% - 7:42
2 - 40% - 40% - 5:13
PP Defense
1 - 56% - 60% - 7:14
2 - 44% - 40% - 5:41
PK Forward
1 - 100% - 60% - 2:00
2 - 0% - 40% - 0:00
PK Defense
1 - 58% - 60% - 1:10
2 - 42% - 40% - 0:50
PK3 Forward
1 - 0% - 60%
2 - 0% - 40%
PK3 Defense
1 - 0% - 60%
2 - 0% - 40%
44 Forward
1 - 0% - 60%
2 - 0% - 40%
44 Defense
1 - 0% - 60%
2 - 0% - 40%
Last Minute Offensive  - 0:00
Last Minute Defensive  - 0:00
Total
Forward - 60:00
Defense - 60:00

Play by Play

1st period


0:01 of 1st period - Eric Staal wins face-off versus Frans Nielsen in neutral zone.
0:16 of 1st period - Shot by Eric Staal.
0:16 of 1st period - Stopped by Brian Elliott with a rebound.
1:07 of 1st period - Shot by Mikael Backlund.
1:07 of 1st period - Shot Misses the Net.
1:13 of 1st period - Craig Smith is hit by Ryan Garbutt and loses puck.
1:30 of 1st period - Shot by Derek Roy.
1:30 of 1st period - Shot Blocked by Kris Russell.
1:54 of 1st period - Kris Russell is hit by Patrick Maroon and loses puck.
2:41 of 1st period - Shot by Brandon McMillan.
2:41 of 1st period - Shot Blocked by Kris Russell.
2:43 of 1st period - Shot by Marc Staal.
2:43 of 1st period - Shot Misses the Net.
2:45 of 1st period - Shot by Rich Clune.
2:45 of 1st period - Stopped by Brian Elliott with a rebound.
2:47 of 1st period - Shot by Brandon McMillan.
2:47 of 1st period - Stopped by Brian Elliott with a rebound.
2:49 of 1st period - Shot by Brian Boyle.
2:49 of 1st period - Shot Misses the Net.
3:09 of 1st period - Shot by Marc Staal.
3:09 of 1st period - Stopped by Brian Elliott without a rebound.
3:10 of 1st period - Sean Couturier wins face-off versus Eric Staal in Rangers zone.
3:10 of 1st period - Sean Couturier is hit by Blake Wheeler.
3:44 of 1st period - Shot by Blake Wheeler.
3:44 of 1st period - Shot Misses the Net.
4:22 of 1st period - Shot by Jaromir Jagr.
4:22 of 1st period - Shot Blocked by Dustin Byfuglien.
4:29 of 1st period - Frans Nielsen is hit by Dustin Byfuglien and loses puck.
5:36 of 1st period - Shot by Tomas Tatar.
5:36 of 1st period - Deflect By Sean Couturier.
5:36 of 1st period - Shot Blocked by Kevin Czuczman.
6:30 of 1st period - Jaromir Jagr is hit by Raphael Diaz and loses puck.
6:50 of 1st period - Icing by Sean Couturier.
6:51 of 1st period - Sean Couturier wins face-off versus Brad Richardson in Rangers zone.
6:51 of 1st period - Sean Couturier is hit by Patrick Maroon.
6:56 of 1st period - Sean Couturier is hit by Patrick Maroon and loses puck.
7:16 of 1st period - Icing by Sean Couturier.
7:17 of 1st period - Brian Boyle wins face-off versus Sean Couturier in Rangers zone.
7:35 of 1st period - Derek Morris is hit by Rich Clune and loses puck.
8:47 of 1st period - Icing by Bryan Allen.
8:48 of 1st period - Sean Couturier wins face-off versus Eric Staal in Rangers zone.
10:13 of 1st period - Shot by Craig Smith.
10:13 of 1st period - Shot Misses the Net.
10:25 of 1st period - Shot by David Legwand.
10:25 of 1st period - Shot Misses the Net.
11:07 of 1st period - Shot by Craig Adams.
11:07 of 1st period - Deflect By Benoit Pouliot.
11:07 of 1st period - Shot Misses the Net.
11:20 of 1st period - Icing by Marc Staal.
11:21 of 1st period - Derek Roy wins face-off versus Tyler Ennis in Hurricanes zone.
11:23 of 1st period - Ben Lovejoy is hit by Tyler Ennis and loses puck.
11:40 of 1st period - Shot by Frans Nielsen.
11:40 of 1st period - Stopped by Mike Smith without a rebound.
11:41 of 1st period - David Legwand wins face-off versus Eric Staal in Hurricanes zone.
11:56 of 1st period - Shot by Blake Wheeler.
11:56 of 1st period - Shot Blocked by Chris Tanev.
11:58 of 1st period - Shot by Eric Staal.
11:58 of 1st period - Shot Blocked by Craig Smith.
12:00 of 1st period - Shot by Blake Wheeler.
12:00 of 1st period - Goal by Blake Wheeler - Hurricanes : 1 - Rangers : 0.
12:01 of 1st period - Frans Nielsen wins face-off versus Brad Richardson in neutral zone.
12:50 of 1st period - Brad Richardson is hit by Bryan Allen and loses puck.
13:04 of 1st period - Raphael Diaz is hit by Craig Smith and loses puck.
13:53 of 1st period - Minor Penalty to Dustin Byfuglien for Hooking.
13:54 of 1st period - Brian Boyle wins face-off versus Frans Nielsen in Hurricanes zone.
14:03 of 1st period - Shot by Kris Russell.
14:03 of 1st period - Shot Misses the Net.
14:13 of 1st period - Shot by Kris Russell.
14:13 of 1st period - Stopped by Mike Smith without a rebound.
14:14 of 1st period - Blake Wheeler wins face-off versus Mikael Backlund in Hurricanes zone.
14:20 of 1st period - Icing by Mikael Backlund.
14:21 of 1st period - Brian Boyle wins face-off versus Mikael Backlund in Rangers zone.
15:30 of 1st period - Shot by Kris Russell.
15:30 of 1st period - Shot Blocked by Ben Lovejoy.
15:56 of 1st period - Shot by Benoit Pouliot.
15:56 of 1st period - Stopped by Mike Smith without a rebound.
15:57 of 1st period - Brian Boyle wins face-off versus Craig Adams in Hurricanes zone.
16:08 of 1st period - Shot by Rich Clune.
16:08 of 1st period - Stopped by Brian Elliott without a rebound.
16:09 of 1st period - David Legwand wins face-off versus Eric Staal in Rangers zone.
16:09 of 1st period - David Legwand is hit by Cody McCormick.
16:47 of 1st period - Shot by Craig Smith.
16:47 of 1st period - Goal by Craig Smith - Hurricanes : 1 - Rangers : 1.
16:48 of 1st period - Frans Nielsen wins face-off versus Derek Roy in neutral zone.
16:52 of 1st period - Off-side.
16:53 of 1st period - Valeri Nichushkin wins face-off versus Frans Nielsen in neutral zone.
17:10 of 1st period - Icing by Kris Russell.
17:11 of 1st period - Frans Nielsen wins face-off versus Brian Boyle in Rangers zone.
17:18 of 1st period - Shot by Tyler Ennis.
17:18 of 1st period - Stopped by Mike Smith without a rebound.
17:19 of 1st period - David Legwand wins face-off versus Eric Staal in Hurricanes zone.
17:45 of 1st period - Shot by Craig Smith.
17:45 of 1st period - Stopped by Mike Smith without a rebound.
17:46 of 1st period - Valeri Nichushkin wins face-off versus Jaromir Jagr in Hurricanes zone.
17:59 of 1st period - Shot by Frans Nielsen.
17:59 of 1st period - Stopped by Mike Smith without a rebound.
18:00 of 1st period - Brian Boyle wins face-off versus Sean Couturier in Hurricanes zone.
18:14 of 1st period - Tomas Tatar is hit by Dustin Byfuglien and loses puck.
18:17 of 1st period - Shot by Sean Couturier.
18:17 of 1st period - Stopped by Mike Smith with a rebound.
19:07 of 1st period - Frans Nielsen is hit by Dustin Byfuglien and loses puck.
19:22 of 1st period - Shot by Marc Staal.
19:22 of 1st period - Shot Misses the Net.
19:24 of 1st period - Shot by Ben Lovejoy.
19:24 of 1st period - Shot Blocked by Karl Alzner.
19:26 of 1st period - Shot by Marc Staal.
19:26 of 1st period - Deflect By Blake Wheeler.
19:26 of 1st period - Shot Misses the Net.
19:28 of 1st period - Shot by Marc Staal.
19:28 of 1st period - Deflect By Eric Staal.
19:28 of 1st period - Shot Misses the Net.
19:32 of 1st period - Shot by Eric Staal.
19:32 of 1st period - Shot Misses the Net.
19:34 of 1st period - Shot by Ben Lovejoy.
19:34 of 1st period - Shot Blocked by Kris Russell.
19:48 of 1st period - Shot by Blake Wheeler.
19:48 of 1st period - Stopped by Brian Elliott without a rebound.
19:49 of 1st period - Derek Roy wins face-off versus David Legwand in Rangers zone.
19:49 of 1st period - Raphael Diaz is hit by Bryan Allen and loses puck.
Goals for this period are 1 for Hurricanes vs 1 for Rangers.
Shots for this period are 7 for Hurricanes vs 8 for Rangers.

2nd period


0:01 of 2nd period - Eric Staal wins face-off versus Frans Nielsen in neutral zone.
0:06 of 2nd period - Shot by Eric Staal.
0:06 of 2nd period - Shot Misses the Net.
0:22 of 2nd period - Shot by Frans Nielsen.
0:22 of 2nd period - Shot Misses the Net.
0:30 of 2nd period - Shot by Blake Wheeler.
0:30 of 2nd period - Stopped by Brian Elliott without a rebound.
0:31 of 2nd period - David Legwand wins face-off versus Derek Roy in Rangers zone.
0:31 of 2nd period - Major / Game Misconduct Penalty to Ryan Garbutt for Unsportsmanlike conduct.
0:31 of 2nd period - Ryan Garbutt is ejected from game.
0:32 of 2nd period - Brian Boyle wins face-off versus Mikael Backlund in Hurricanes zone.
0:41 of 2nd period - Shot by Blake Wheeler.
0:41 of 2nd period - Shot Misses the Net.
0:44 of 2nd period - Icing by Alex Goligoski.
0:45 of 2nd period - Brian Boyle wins face-off versus Mikael Backlund in Rangers zone.
1:00 of 2nd period - Shot by Derek Morris.
1:00 of 2nd period - Stopped by Mike Smith without a rebound.
1:01 of 2nd period - Frans Nielsen wins face-off versus Blake Wheeler in Hurricanes zone.
1:16 of 2nd period - Shot by Derek Roy.
1:16 of 2nd period - Shot Misses the Net.
1:36 of 2nd period - Shot by Jaromir Jagr.
1:36 of 2nd period - Stopped by Mike Smith without a rebound.
1:37 of 2nd period - Mikael Backlund wins face-off versus Blake Wheeler in Hurricanes zone.
1:40 of 2nd period - Shot by Mikael Backlund.
1:40 of 2nd period - Stopped by Mike Smith without a rebound.
1:41 of 2nd period - Mikael Backlund wins face-off versus Blake Wheeler in Hurricanes zone.
2:16 of 2nd period - Shot by Derek Morris.
2:16 of 2nd period - Shot Misses the Net.
3:32 of 2nd period - Shot by Craig Smith.
3:32 of 2nd period - Stopped by Mike Smith with a rebound.
3:34 of 2nd period - Shot by Mikael Backlund.
3:34 of 2nd period - Stopped by Mike Smith without a rebound.
3:35 of 2nd period - Mikael Backlund wins face-off versus Blake Wheeler in Hurricanes zone.
4:02 of 2nd period - Shot by Craig Smith.
4:02 of 2nd period - Shot Misses the Net.
4:16 of 2nd period - Shot by Karl Alzner.
4:16 of 2nd period - Shot Misses the Net.
4:18 of 2nd period - Shot by Kris Russell.
4:18 of 2nd period - Deflect By Tomas Tatar.
4:18 of 2nd period - Shot Misses the Net.
4:20 of 2nd period - Shot by Karl Alzner.
4:20 of 2nd period - Goal by Karl Alzner - Hurricanes : 1 - Rangers : 2.
4:21 of 2nd period - Frans Nielsen wins face-off versus Brian Boyle in neutral zone.
4:24 of 2nd period - Ben Lovejoy is hit by Tomas Tatar and loses puck.
4:32 of 2nd period - Off-side.
4:33 of 2nd period - Frans Nielsen wins face-off versus Brian Boyle in neutral zone.
5:30 of 2nd period - Icing by Derek Morris.
5:31 of 2nd period - Derek Roy wins face-off versus Craig Adams in Rangers zone.
6:35 of 2nd period - Minor Penalty to Rich Clune for Interference.
6:36 of 2nd period - Mikael Backlund wins face-off versus Blake Wheeler in Hurricanes zone.
6:36 of 2nd period - Mikael Backlund is hit by Dustin Byfuglien.
6:56 of 2nd period - Shot by Kris Russell.
6:56 of 2nd period - Deflect By Mikael Backlund.
6:56 of 2nd period - Stopped by Mike Smith with a rebound.
7:06 of 2nd period - Shot by Kris Russell.
7:06 of 2nd period - Stopped by Mike Smith without a rebound.
7:07 of 2nd period - Frans Nielsen wins face-off versus Blake Wheeler in Hurricanes zone.
7:10 of 2nd period - Shot by Tomas Tatar.
7:10 of 2nd period - Deflect By Frans Nielsen.
7:10 of 2nd period - Shot Misses the Net.
7:12 of 2nd period - Shot by Frans Nielsen.
7:12 of 2nd period - Stopped by Mike Smith without a rebound.
7:13 of 2nd period - Frans Nielsen wins face-off versus Blake Wheeler in Hurricanes zone.
7:45 of 2nd period - Icing by Frans Nielsen.
7:46 of 2nd period - Blake Wheeler wins face-off versus Frans Nielsen in Rangers zone.
8:09 of 2nd period - Icing by Derek Morris.
8:10 of 2nd period - Frans Nielsen wins face-off versus Blake Wheeler in Rangers zone.
9:37 of 2nd period - Shot by Benoit Pouliot.
9:37 of 2nd period - Shot Blocked by Ben Lovejoy.
9:39 of 2nd period - Shot by Chris Tanev.
9:39 of 2nd period - Stopped by Mike Smith without a rebound.
9:40 of 2nd period - Eric Staal wins face-off versus Craig Adams in Hurricanes zone.
9:42 of 2nd period - Icing by Kevin Czuczman.
9:43 of 2nd period - Derek Roy wins face-off versus Craig Adams in Hurricanes zone.
9:43 of 2nd period - Derek Roy is hit by Craig Adams.
10:50 of 2nd period - Minor Penalty to Karl Alzner for Roughing.
10:51 of 2nd period - Sean Couturier wins face-off versus Eric Staal in Rangers zone.
10:51 of 2nd period - Sean Couturier is hit by Cody McCormick.
11:54 of 2nd period - Shot by Brian Boyle.
11:54 of 2nd period - Goal by Brian Boyle - Hurricanes : 2 - Rangers : 2.
11:55 of 2nd period - Brad Richardson wins face-off versus Frans Nielsen in neutral zone.
12:10 of 2nd period - Shot by Tyler Ennis.
12:10 of 2nd period - Stopped by Mike Smith without a rebound.
12:11 of 2nd period - Derek Roy wins face-off versus Craig Adams in Hurricanes zone.
13:20 of 2nd period - Shot by Patrick Maroon.
13:20 of 2nd period - Goal by Patrick Maroon - Hurricanes : 3 - Rangers : 2.
13:21 of 2nd period - David Legwand wins face-off versus Brian Boyle in neutral zone.
13:28 of 2nd period - Shot by Craig Smith.
13:28 of 2nd period - Shot Misses the Net.
13:30 of 2nd period - Shot by Mikael Backlund.
13:30 of 2nd period - Shot Misses the Net.
13:32 of 2nd period - Shot by Mikael Backlund.
13:32 of 2nd period - Stopped by Mike Smith without a rebound.
13:33 of 2nd period - Frans Nielsen wins face-off versus Brad Richardson in Hurricanes zone.
13:52 of 2nd period - Shot by Raphael Diaz.
13:52 of 2nd period - Shot Hit the Post.
13:54 of 2nd period - Shot by Brad Richardson.
13:54 of 2nd period - Stopped by Brian Elliott without a rebound.
13:55 of 2nd period - Craig Smith wins face-off versus Brian Boyle in Rangers zone.
13:57 of 2nd period - David Legwand is hit by Rich Clune and loses puck.
14:08 of 2nd period - Shot by David Legwand.
14:08 of 2nd period - Stopped by Mike Smith with a rebound.
14:12 of 2nd period - Shot by Craig Smith.
14:12 of 2nd period - Stopped by Mike Smith with a rebound.
14:22 of 2nd period - Shot by Craig Smith.
14:22 of 2nd period - Stopped by Mike Smith without a rebound.
14:23 of 2nd period - Eric Staal wins face-off versus Frans Nielsen in Hurricanes zone.
15:06 of 2nd period - Shot by Eric Staal.
15:06 of 2nd period - Stopped by Brian Elliott without a rebound.
15:07 of 2nd period - Derek Roy wins face-off versus David Legwand in Rangers zone.
15:41 of 2nd period - Shot by Craig Smith.
15:41 of 2nd period - Stopped by Mike Smith with a rebound.
15:43 of 2nd period - Shot by Karl Alzner.
15:43 of 2nd period - Shot Misses the Net.
16:10 of 2nd period - Ben Lovejoy is hit by Tomas Tatar and loses puck.
16:15 of 2nd period - Shot by Sean Couturier.
16:15 of 2nd period - Stopped by Mike Smith with a rebound.
16:17 of 2nd period - Shot by Mark Letestu.
16:17 of 2nd period - Stopped by Mike Smith without a rebound.
16:18 of 2nd period - Brad Richardson wins face-off versus Frans Nielsen in Hurricanes zone.
16:32 of 2nd period - Shot by Cal Clutterbuck.
16:32 of 2nd period - Shot Misses the Net.
16:34 of 2nd period - Shot by Dustin Byfuglien.
16:34 of 2nd period - Stopped by Brian Elliott without a rebound.
16:35 of 2nd period - Sean Couturier wins face-off versus Brian Boyle in Rangers zone.
16:35 of 2nd period - Sean Couturier is hit by Rich Clune.
16:46 of 2nd period - Shot by Tomas Tatar.
16:46 of 2nd period - Shot Blocked by Kevin Czuczman.
17:38 of 2nd period - Icing by Dustin Byfuglien.
17:39 of 2nd period - Brad Richardson wins face-off versus Jaromir Jagr in Hurricanes zone.
17:39 of 2nd period - Brad Richardson is hit by Jaromir Jagr.
18:16 of 2nd period - Brian Dumoulin is hit by Tyler Ennis and loses puck.
18:37 of 2nd period - Icing by Karl Alzner.
18:38 of 2nd period - David Legwand wins face-off versus Eric Staal in Rangers zone.
19:14 of 2nd period - Icing by Mikael Backlund.
19:15 of 2nd period - David Legwand wins face-off versus Derek Roy in Rangers zone.
19:23 of 2nd period - Minor Penalty to Valeri Nichushkin for Hooking.
19:24 of 2nd period - Frans Nielsen wins face-off versus Brian Boyle in Hurricanes zone.
Goals for this period are 2 for Hurricanes vs 1 for Rangers.
Shots for this period are 6 for Hurricanes vs 18 for Rangers.

3rd period


0:01 of 3rd period - Frans Nielsen wins face-off versus Blake Wheeler in neutral zone.
0:01 of 3rd period - Jaromir Jagr is hit by Cal Clutterbuck and loses puck.
0:14 of 3rd period - Shot by Alex Goligoski.
0:14 of 3rd period - Shot Misses the Net.
0:22 of 3rd period - Shot by Alex Goligoski.
0:22 of 3rd period - Stopped by Mike Smith without a rebound.
0:23 of 3rd period - Cal Clutterbuck wins face-off versus Mikael Backlund in Hurricanes zone.
0:23 of 3rd period - Cal Clutterbuck is hit by Tyler Ennis.
1:35 of 3rd period - Shot by Sean Couturier.
1:35 of 3rd period - Stopped by Mike Smith without a rebound.
1:36 of 3rd period - Brian Boyle wins face-off versus Craig Adams in Hurricanes zone.
1:36 of 3rd period - Brian Boyle is hit by Craig Adams.
1:56 of 3rd period - Icing by Alex Goligoski.
1:57 of 3rd period - Cody McCormick wins face-off versus Craig Adams in Rangers zone.
2:02 of 3rd period - Shot by Blake Wheeler.
2:02 of 3rd period - Shot Blocked by Chris Tanev.
2:09 of 3rd period - Icing by Devin Setoguchi.
2:10 of 3rd period - Craig Adams wins face-off versus Derek Roy in Rangers zone.
2:10 of 3rd period - Chris Tanev is hit by Valeri Nichushkin and loses puck.
3:36 of 3rd period - Shot by Jaromir Jagr.
3:36 of 3rd period - Stopped by Mike Smith without a rebound.
3:37 of 3rd period - Brian Boyle wins face-off versus Mikael Backlund in Hurricanes zone.
3:37 of 3rd period - Brian Boyle is hit by Mikael Backlund.
3:50 of 3rd period - Icing by Raphael Diaz.
3:51 of 3rd period - Mark Letestu wins face-off versus Brian Boyle in Hurricanes zone.
5:13 of 3rd period - Shot by Frans Nielsen.
5:13 of 3rd period - Shot Blocked by Marc Staal.
5:15 of 3rd period - Shot by Alex Goligoski.
5:15 of 3rd period - Shot Misses the Net.
5:17 of 3rd period - Shot by Jaromir Jagr.
5:17 of 3rd period - Stopped by Mike Smith without a rebound.
5:18 of 3rd period - David Legwand wins face-off versus Derek Roy in Hurricanes zone.
5:56 of 3rd period - Cody McCormick is hit by David Legwand and loses puck.
8:31 of 3rd period - Shot by Eric Staal.
8:31 of 3rd period - Shot Misses the Net.
8:35 of 3rd period - Shot by Eric Staal.
8:35 of 3rd period - Stopped by Brian Elliott without a rebound.
8:36 of 3rd period - David Legwand wins face-off versus Derek Roy in Rangers zone.
9:00 of 3rd period - Kevin Czuczman is hit by David Legwand and loses puck.
9:08 of 3rd period - Shot by Derek Roy.
9:08 of 3rd period - Stopped by Brian Elliott with a rebound.
9:10 of 3rd period - Shot by Blake Wheeler.
9:10 of 3rd period - Deflect By Valeri Nichushkin.
9:10 of 3rd period - Stopped by Brian Elliott without a rebound.
9:10 of 3rd period - Minor Penalty to Karl Alzner for Hooking.
9:11 of 3rd period - Cody McCormick wins face-off versus Sean Couturier in Rangers zone.
10:02 of 3rd period - Shot by Brad Richardson.
10:02 of 3rd period - Shot Misses the Net.
10:04 of 3rd period - Shot by Raphael Diaz.
10:04 of 3rd period - Shot Blocked by Chris Tanev.
10:06 of 3rd period - Shot by Brian Boyle.
10:06 of 3rd period - Deflect By Brad Richardson.
10:06 of 3rd period - Goal by Brad Richardson - Hurricanes : 4 - Rangers : 2.
10:07 of 3rd period - Brad Richardson wins face-off versus Frans Nielsen in neutral zone.
10:59 of 3rd period - Icing by Marc Staal.
11:00 of 3rd period - Patrick Maroon wins face-off versus Craig Adams in Hurricanes zone.
11:19 of 3rd period - Icing by Cal Clutterbuck.
11:20 of 3rd period - David Legwand wins face-off versus Brad Richardson in Hurricanes zone.
11:21 of 3rd period - Shot by Kris Russell.
11:21 of 3rd period - Shot Blocked by Marc Staal.
11:46 of 3rd period - Shot by Eric Staal.
11:46 of 3rd period - Stopped by Brian Elliott without a rebound.
11:47 of 3rd period - Derek Roy wins face-off versus Frans Nielsen in Rangers zone.
12:44 of 3rd period - Derek Morris is hit by Cody McCormick and loses puck.
12:55 of 3rd period - Shot by Sean Couturier.
12:55 of 3rd period - Shot Misses the Net.
12:57 of 3rd period - Shot by Derek Morris.
12:57 of 3rd period - Stopped by Mike Smith with a rebound.
12:59 of 3rd period - Shot by Derek Morris.
12:59 of 3rd period - Stopped by Mike Smith without a rebound.
13:00 of 3rd period - David Legwand wins face-off versus Brian Boyle in Hurricanes zone.
13:07 of 3rd period - Shot by David Legwand.
13:07 of 3rd period - Deflect By Mikael Backlund.
13:07 of 3rd period - Stopped by Mike Smith with a rebound.
13:14 of 3rd period - Icing by Marc Staal.
13:15 of 3rd period - Brian Boyle wins face-off versus Sean Couturier in Hurricanes zone.
13:15 of 3rd period - Brian Boyle is hit by Tomas Tatar.
14:22 of 3rd period - Shot by Frans Nielsen.
14:22 of 3rd period - Stopped by Mike Smith without a rebound.
14:23 of 3rd period - Derek Roy wins face-off versus Frans Nielsen in Hurricanes zone.
15:09 of 3rd period - Icing by Frans Nielsen.
15:10 of 3rd period - Frans Nielsen wins face-off versus Brad Richardson in Rangers zone.
15:10 of 3rd period - Alex Goligoski is hit by Patrick Maroon and loses puck.
15:22 of 3rd period - Alex Goligoski is hit by Dustin Byfuglien.
15:31 of 3rd period - Icing by Cal Clutterbuck.
15:32 of 3rd period - David Legwand wins face-off versus Brad Richardson in Hurricanes zone.
15:32 of 3rd period - David Legwand is hit by Dustin Byfuglien.
16:52 of 3rd period - Shot by Sean Couturier.
16:52 of 3rd period - Stopped by Mike Smith without a rebound.
16:53 of 3rd period - Eric Staal wins face-off versus Frans Nielsen in Hurricanes zone.
16:53 of 3rd period - Eric Staal is hit by Tyler Ennis.
17:01 of 3rd period - Shot by Blake Wheeler.
17:01 of 3rd period - Stopped by Brian Elliott with a rebound.
17:03 of 3rd period - Shot by Blake Wheeler.
17:03 of 3rd period - Shot Misses the Net.
17:10 of 3rd period - Icing by Chris Tanev.
17:11 of 3rd period - Derek Roy wins face-off versus Frans Nielsen in Rangers zone.
17:45 of 3rd period - Minor Penalty to Cody McCormick for Tripping.
17:46 of 3rd period - Blake Wheeler wins face-off versus Mikael Backlund in Hurricanes zone.
17:55 of 3rd period - Shot by Kris Russell.
17:55 of 3rd period - Shot Blocked by Ben Lovejoy.
17:57 of 3rd period - Shot by Craig Smith.
17:57 of 3rd period - Shot Blocked by Ben Lovejoy.
17:59 of 3rd period - Shot by Karl Alzner.
17:59 of 3rd period - Shot Misses the Net.
18:05 of 3rd period - Shot by Karl Alzner.
18:05 of 3rd period - Shot Blocked by Kevin Czuczman.
18:07 of 3rd period - Shot by Craig Smith.
18:07 of 3rd period - Shot Misses the Net.
18:09 of 3rd period - Shot by Karl Alzner.
18:09 of 3rd period - Stopped by Mike Smith without a rebound.
18:10 of 3rd period - Frans Nielsen wins face-off versus Brian Boyle in Hurricanes zone.
18:13 of 3rd period - Shot by Derek Morris.
18:13 of 3rd period - Shot Misses the Net.
18:15 of 3rd period - Shot by Frans Nielsen.
18:15 of 3rd period - Deflect By Tomas Tatar.
18:15 of 3rd period - Shot Misses the Net.
18:17 of 3rd period - Shot by Jaromir Jagr.
18:17 of 3rd period - Stopped by Mike Smith without a rebound.
18:18 of 3rd period - Blake Wheeler wins face-off versus Frans Nielsen in Hurricanes zone.
18:24 of 3rd period - Icing by Alex Goligoski.
18:25 of 3rd period - Brian Boyle wins face-off versus Tomas Tatar in Rangers zone.
18:29 of 3rd period - Icing by Derek Morris.
18:30 of 3rd period - Brian Boyle wins face-off versus Tomas Tatar in Rangers zone.
18:44 of 3rd period - Off-side.
18:45 of 3rd period - Mikael Backlund wins face-off versus Blake Wheeler in neutral zone.
18:47 of 3rd period - Off-side.
18:48 of 3rd period - Jaromir Jagr wins face-off versus Brian Boyle in neutral zone.
19:01 of 3rd period - Shot by Tomas Tatar.
19:01 of 3rd period - Shot Misses the Net.
19:17 of 3rd period - Alex Goligoski is hit by Cal Clutterbuck and loses puck.
19:28 of 3rd period - Shot by Marc Staal.
19:28 of 3rd period - Stopped by Brian Elliott with a rebound.
19:47 of 3rd period - Shot by Eric Staal.
19:47 of 3rd period - Shot Blocked by Karl Alzner.
Goals for this period are 1 for Hurricanes vs 0 for Rangers.
Shots for this period are 7 for Hurricanes vs 11 for Rangers.


Output by the SimonT Hockey Simulator (STHS) for Stephane Roy -- Original Page W3C XHTML 1.0 Valid
Hockey Simulator - Hockey Simulation - Hockey Manager